 Dungeon Crawl Stone Soup version 0.28.0-43-g3370ac3207 (webtiles) character file.

Game seed: 5773213607054356863

109 Pinkishskies the Magician (level 5, -4/35 HPs)
             Began as a Djinni Fire Elementalist on Mar 22, 2022.
             Shot with an arrow by a centaur (10 damage)
             ... on level 3 of the Dungeon.
             The game lasted 00:06:07 (3492 turns).

Pinkishskies the Magician (DjFE)                    Turns: 3492, Time: 00:06:08

Health: -4/35      AC:  3    Str:  7    XL:     5   Next: 13%
Gold:   139        EV: 11    Int: 20    God:
                   SH:  0    Dex: 14

rFire   + + .      SeeInvis .   l - +7 short sword of Incongruity {freeze, rElec rC++ Int+2}
rCold   + . .      Faith    .   (no shield)
rNeg    . . .      Spirit   .   g - +0 leather armour
rPois   ∞          Reflect  .   (no helmet)
rElec   +          Harm     .   (no cloak)
rCorr   .          Rampage  .   (no gloves)
Will    .....                   (boots unavailable)
Stlth   ++........              (no amulet)
HPRegen 0.11/turn               (no ring)
MPRegen 0.00/turn               (no ring)

@: flying
A: sickness immunity, fire resistance 2, cold vulnerability 1, float, innate
caster, HP casting, extra vitality 1
a: no special abilities


You were on level 3 of the Dungeon.
You visited 1 branch of the dungeon, and saw 3 of its levels.

You collected 139 gold pieces.

Inventory:

Hand Weapons
 l - the +7 short sword of Incongruity (weapon) {freeze, rElec rC++ Int+2}
   (You found it on level 3 of the Dungeon)

   It freezes those it strikes, dealing additional cold damage.
   It can also slow down cold-blooded creatures.
   Int:       It affects your intelligence (+2).
   rC:        It greatly protects you from cold.
   rElec:     It insulates you from electricity.
Missiles
 c - 20 stones
Armour
 a - a +0 robe
 g - a +0 leather armour (worn)
Wands
 k - a wand of paralysis (7)
Scrolls
 b - 2 scrolls of identify {unknown}
 d - 6 scrolls of teleportation {unknown}
 e - 2 scrolls of immolation {unknown}
 f - 2 scrolls of magic mapping {unknown}
Potions
 h - a potion of brilliance {unknown}
 i - a potion of lignification {unknown}
 j - a potion of curing {unknown}
 m - a potion of ambrosia {unknown}


   Skills:
 + Level 0.4 Armour
 + Level 2.4 Dodging
 + Level 2.1 Stealth
 + Level 3.9 Spellcasting


You couldn't memorise any spells.
You knew the following spells:

 Your Spells              Type           Power      Damage    Failure   Level
a - Foxfire               Conj/Fire      76%        2x1d7     3%          1
b - Scorch                Fire           38%        2d7       5%          2
c - Conjure Flame         Conj/Fire      19%        6-21      11%         3
d - Inner Flame           Hex/Fire       19%        N/A       11%         3
e - Flame Wave            Conj/Fire      19%        2d6       36%         4
f - Freeze                Ice            76%        1d9       3%          1
g - Wereblood             Tmut           19%        N/A       5%          2
Your spell library was empty.

Dungeon Overview and Level Annotations

Branches:
Dungeon (3/15)

Altars:


Innate Abilities, Weirdness & Mutations

You are immune to sickness and miasma.
You are immune to poison.
Your flesh is very heat resistant. (rF++)
You are vulnerable to cold. (rC-)
You float through the air rather than walking.
You learn spells naturally, not from books.
Your magical power is your life essence.
You have superior vitality. (+4 MHP)


Message History

A rat is nearby!
You conjure some foxfire!
You conjure some foxfire!
The foxfire hits the rat but does no damage.
You conjure some foxfire!
You conjure some foxfire!
You conjure some foxfire!
Your foxfire dissipates!
The foxfire hits the rat.
You kill the rat!
Your foxfire dissipates!
Your foxfire dissipates! x2
Your foxfire dissipates!
A centaur comes into view.
You conjure some foxfire!
Your foxfire dissipates!
There is an open door here.
Casting: Foxfire (safe; 3% risk of failure)
Confirm with . or Enter, or press ? or * to list all spells.
You don't know that spell.
Aiming: Paralyse
Press: ? - help, Q - select action, (/) - cycle Shift-Dir - straight line, f - centaur
Aim: a centaur, wearing a +0 robe and quivering arrows (ally target, chance to affect: 49%)
The centaur resists with some effort.
The centaur hits you.
The centaur kicks you but does no damage.
Your foxfire dissipates!
The centaur wields a +0 shortbow.
The centaur shoots an arrow.
The arrow barely misses you.
The centaur shoots an arrow.
The arrow barely misses you.
The centaur shoots an arrow.
The arrow hits you!
Casting: Foxfire (safe; 3% risk of failure)
Confirm with . or Enter, or press ? or * to list all spells.
The spell is quite dangerous to miscast (11% risk of failure)!
Continue anyway?
The fire begins to smoulder!
The centaur shoots an arrow.
The arrow hits you!
* * * LOW HITPOINT WARNING * * *
The centaur shoots an arrow.
The arrow closely misses you.
The centaur shoots an arrow.
The arrow barely misses you.
The fire ignites!
The centaur shoots an arrow.
The arrow closely misses you.
The centaur shoots an arrow.
The arrow hits you!
You die...

####
.####.####.#......
#.# #.#......
##.####.#.#####
..........#
##......###
#......# #......#
##+###.# ##.###@#
####....#.#
'......†§.#
###....#.#
#....#.# ###c##.#
#).#.# .#.#.# ..
.#.#


You could see a centaur.

Vanquished Creatures
  Jessica (D:2)
  3 adders (D:2)
  A worm (D:3)
  2 dart slugs (D:2)
  An orc (D:3)
  A ball python (D:2)
  3 bats
  4 endoplasms
  4 giant cockroaches
  2 goblins
  4 hobgoblins (D:2)
  8 jackals (D:2)
  5 kobolds
  2 frilled lizards
  6 rats
47 creatures vanquished.

Vanquished Creatures (others)
  160 foxfires
160 creatures vanquished.

Grand Total: 207 creatures vanquished

Notes
Turn   | Place    | Note
-------+----------+-------------------------------------------
     0 | D:1      | Pinkishskies the Djinni Fire Elementalist began the quest
                  | for the Orb.
     0 | D:1      | Reached XP level 1. HP: 15/15 MP: 0/0
   488 | D:1      | Reached XP level 2. HP: 14/21 MP: 0/0
   850 | D:1      | Found a faded altar of an unknown god.
  1491 | D:2      | Reached skill level 3 in Spellcasting
  1491 | D:2      | Reached XP level 3. HP: 21/25 MP: 0/0
  1491 | D:2      | Learned a level 1 spell: Freeze
  1685 | D:2      | Noticed Jessica
  1695 | D:2      | Killed Jessica
  1696 | D:2      | Reached XP level 4. HP: 13/31 MP: 0/0
  2918 | D:2      | Reached XP level 5. HP: 23/35 MP: 0/0
  2918 | D:2      | Learned a level 2 spell: Wereblood
  3149 | D:3      | Identified the +7 short sword of Incongruity {freeze, rElec
                  | rC++ Int+2}
  3483 | D:3      | Noticed a centaur
  3492 | D:3      | Shot with an arrow by a centaur

Illustrated notes

Levels and vault maps discovered:
D:1:      saegor_arrival_simple_e, layout_loops_ring,
          shapermc_ecumenical_altar_starsandcircs
D:2:      layout_loops_ring, uniq_jessica
D:3:      layout_basic

Skill      XL: |  1  2  3 |
---------------+----------+-----
Spellcasting   | 3 |  3.9
Stealth        | 2 |  2.1
Armour         | |  0.4
Dodging        | |  2.4

Action                   |  1- 3 |  4- 6 || total
-------------------------+-------+-------++-------
 Cast: Foxfire           |    56 |    70 ||   126
       Scorch            |     5 |     8 ||    13
       Conjure Flame     |     1 |     2 ||     3
       Wereblood         |       |     1 ||     1
Evoke: Wand              |       |     1 ||     1
Armor: Leather armour    |       |     2 ||     2
Dodge: Dodged            |       |     7 ||     7
